| TOP OF THE 1ST |
|
Joplin Blasters batting - Pitching for Amarillo ThunderHeads : RHP Chris Marrone
|
|
Pitching: RHP Chris Marrone
|
|
|
Batting: RHB Angel Melendez
|
0-0: Swinging Strike 0-1: Swinging Strike 0-2: Ball 1-2: Foul Ball, location: 2F 1-2: Foul Ball, location: 2F 1-2: Foul Ball, location: 2F 1-2: Strikes out looking
|
|
Batting: RHB Mike Stokes
|
0-0: SOLO HOME RUN (Flyball, 78XD, EV 99.4 MPH), Distance : 390 ft
|
|
Batting: RHB Dustin Peterson
|
0-0: Called Strike 0-1: Hit by Pitch
|
|
Batting: RHB Donnie Bednarz
|
0-0: Ball 1-0: Called Strike 1-1: Foul Ball, location: 2F 1-2: Strikes out swinging
|
|
Batting: RHB Steve Huebner
|
0-0: Fly out, F3 (Line Drive, 3L, EV 65.0 MPH)
|
| Top of the 1st over - 1 run, 1 hit, 0 errors, 1 left on base; Joplin 1 - Amarillo 0 |
| BOTTOM OF THE 1ST |
|
Amarillo ThunderHeads batting - Pitching for Joplin Blasters : RHP Abban Sartika
|
|
Pitching: RHP Abban Sartika
|
|
|
Batting: LHB Carlos Guajardo
|
0-0: Ball 1-0: Ball 2-0: Ball 3-0: Called Strike 3-1: Base on Balls
|
|
Batting: RHB Eddie Vanderjagt
|
0-0: Ball 1-0: Ball Carlos Guajardo is caught stealing 2nd base 2-4 2-0: Ball 3-0: Called Strike 3-1: Ground out 6-3 (Groundball, 6, EV 91.9 MPH)
|
|
Batting: LHB Thie Hofmann
|
0-0: Ball 1-0: Foul Ball, location: 2F 1-1: Called Strike 1-2: Foul Ball, location: 2F 1-2: Strikes out looking
|
| Bottom of the 1st over - 0 runs, 0 hits, 0 errors, 0 left on base; Joplin 1 - Amarillo 0 |
| TOP OF THE 2ND |
|
Joplin Blasters batting - Pitching for Amarillo ThunderHeads : RHP Chris Marrone
|
|
Batting: LHB Willie Marquez
|
0-0: Ball 1-0: Ground out 5-3 (Groundball, 56, EV 88.8 MPH)
|
|
Batting: RHB Jin-hoi Hur
|
0-0: Swinging Strike 0-1: Ball 1-1: Ground out 6-3 (Groundball, 6, EV 83.8 MPH)
|
|
Batting: RHB Abban Sartika
|
0-0: Foul Ball, location: 2F 0-1: Fly out, F8 (Flyball, 78M, EV 86.9 MPH)
|
| Top of the 2nd over - 0 runs, 0 hits, 0 errors, 0 left on base; Joplin 1 - Amarillo 0 |
| BOTTOM OF THE 2ND |
|
Amarillo ThunderHeads batting - Pitching for Joplin Blasters : RHP Abban Sartika
|
|
Batting: RHB Shi-fu Cuan
|
0-0: Ball 1-0: Foul Ball, location: 2F 1-1: Swinging Strike 1-2: Strikes out swinging, 2-3 out at first.
|
|
Batting: LHB Bill Mahoney
|
0-0: Called Strike 0-1: Foul Ball, location: 2F 0-2: Strikes out swinging passed ball, reaches first!
|
|
Batting: RHB Adrian Quilantan
|
0-0: Ball 1-0: Foul Ball, location: 2F 1-1: Swinging Strike 1-2: Ball 2-2: Ball 3-2: Strikes out swinging
|
|
Batting: LHB Mike Gruszewski
|
0-0: Called Strike 0-1: Called Strike 0-2: Ball 1-2: Ground out 4-3 (Groundball, 34, EV 82.5 MPH)
|
| Bottom of the 2nd over - 0 runs, 0 hits, 0 errors, 1 left on base; Joplin 1 - Amarillo 0 |
| TOP OF THE 3RD |
|
Joplin Blasters batting - Pitching for Amarillo ThunderHeads : RHP Chris Marrone
|
|
Batting: RHB Nate Brewer
|
0-0: Foul Ball, location: 2F 0-1: Called Strike 0-2: Strikes out swinging
|
|
Batting: RHB Angel Melendez
|
0-0: Ball 1-0: Swinging Strike 1-1: Swinging Strike 1-2: Ball 2-2: Strikes out swinging
|
|
Batting: RHB Mike Stokes
|
0-0: SINGLE (Flyball, 34D, EV 90.6 MPH)
|
|
Batting: RHB Dustin Peterson
|
0-0: Ball 1-0: Foul Ball, location: 2F 1-1: Fielders Choice at 2nd, 6-4 (Groundball, 6, EV 102.5 MPH)
|
| Top of the 3rd over - 0 runs, 1 hit, 0 errors, 1 left on base; Joplin 1 - Amarillo 0 |
| BOTTOM OF THE 3RD |
|
Amarillo ThunderHeads batting - Pitching for Joplin Blasters : RHP Abban Sartika
|
|
Batting: RHB Jorge Balderama
|
0-0: Called Strike 0-1: Foul Ball, location: 2F 0-2: Ball 1-2: Strikes out looking
|
|
Batting: RHB Zhong See-to
|
0-0: Called Strike 0-1: Ball 1-1: Ball 2-1: Foul Ball, location: 2F 2-2: SOLO HOME RUN (Flyball, 7D, EV 96.2 MPH), Distance : 377 ft
|
|
Batting: LHB Carlos Guajardo
|
0-0: Called Strike 0-1: Ball 1-1: Ball 2-1: Swinging Strike 2-2: Ball 3-2: Foul Ball, location: 2F 3-2: Base on Balls
|
|
Batting: RHB Eddie Vanderjagt
|
0-0: Ball Carlos Guajardo steals 2nd base 1-0: SINGLE (Line Drive, 4D, EV 94.4 MPH) Carlos Guajardo to third
|
|
Batting: LHB Thie Hofmann
|
0-0: Called Strike Eddie Vanderjagt steals 2nd base 0-1: 3-RUN HOME RUN (Flyball, 78XD, EV 98.1 MPH), Distance : 388 ft
|
|
Batting: RHB Shi-fu Cuan
|
0-0: Called Strike 0-1: Ball 1-1: Called Strike 1-2: Ground out 5-3 (Groundball, 56S, EV 78.1 MPH)
|
|
Batting: LHB Bill Mahoney
|
0-0: Called Strike 0-1: SINGLE (Line Drive, 89S, EV 111.9 MPH)
|
|
Batting: RHB Adrian Quilantan
|
0-0: Ground out 6-3 (Groundball, 6D, EV 109.4 MPH)
|
| Bottom of the 3rd over - 4 runs, 4 hits, 0 errors, 1 left on base; Joplin 1 - Amarillo 4 |
| TOP OF THE 4TH |
|
Joplin Blasters batting - Pitching for Amarillo ThunderHeads : RHP Chris Marrone
|
|
Batting: RHB Donnie Bednarz
|
0-0: Ball 1-0: Ball 2-0: SINGLE (Line Drive, 8RS, EV 106.2 MPH)
|
|
Batting: RHB Steve Huebner
|
0-0: Called Strike 0-1: Foul Ball, location: 2F 0-2: Strikes out looking
|
|
Batting: LHB Willie Marquez
|
0-0: Swinging Strike 0-1: Called Strike 0-2: Strikes out swinging
|
|
Batting: RHB Jin-hoi Hur
|
0-0: Ball Donnie Bednarz steals 2nd base 1-0: Called Strike 1-1: Called Strike 1-2: Ball 2-2: Ball 3-2: Foul Ball, location: 2F 3-2: Foul Ball, location: 2F 3-2: Foul Ball, location: 2F 3-2: DOUBLE (Flyball, 7LD, EV 90.0 MPH) Donnie Bednarz scores
|
|
Batting: RHB Abban Sartika
|
0-0: Ball 1-0: Ball 2-0: Fly out, F9 (Line Drive, 9S, EV 91.2 MPH)
|
| Top of the 4th over - 1 run, 2 hits, 0 errors, 1 left on base; Joplin 2 - Amarillo 4 |
| BOTTOM OF THE 4TH |
|
Amarillo ThunderHeads batting - Pitching for Joplin Blasters : RHP Abban Sartika
|
|
Batting: LHB Mike Gruszewski
|
0-0: Ball 1-0: SINGLE (Groundball, 34D, EV 95.6 MPH)
|
|
Batting: RHB Jorge Balderama
|
0-0: Ball 1-0: Fly out, F8 (Flyball, 8RD, EV 100.0 MPH)
|
|
Batting: RHB Zhong See-to
|
0-0: Ball 1-0: Ball 2-0: Fielders Choice at 2nd, 4-6 (Groundball, 4, EV 81.2 MPH)
|
|
Pitching: RHP Jaden Brown
|
|
|
Batting: LHB Carlos Guajardo
|
0-0: Ball 1-0: Called Strike Zhong See-to steals 2nd base 1-1: Ball 2-1: Called Strike 2-2: Foul Ball, location: 2F 2-2: Ground out 5-3 (Groundball, 5L, EV 91.9 MPH)
|
| Bottom of the 4th over - 0 runs, 1 hit, 0 errors, 1 left on base; Joplin 2 - Amarillo 4 |
| TOP OF THE 5TH |
|
Joplin Blasters batting - Pitching for Amarillo ThunderHeads : RHP Chris Marrone
|
|
Batting: RHB Nate Brewer
|
0-0: Swinging Strike 0-1: Called Strike 0-2: Strikes out swinging
|
|
Batting: RHB Angel Melendez
|
0-0: Foul Ball, location: 2F 0-1: Ball 1-1: Foul Ball, location: 2F 1-2: Strikes out looking
|
|
Batting: RHB Mike Stokes
|
0-0: Foul Ball, location: 2F 0-1: Fly out, F7 (Line Drive, 7, EV 103.8 MPH)
|
| Top of the 5th over - 0 runs, 0 hits, 0 errors, 0 left on base; Joplin 2 - Amarillo 4 |
| BOTTOM OF THE 5TH |
|
Amarillo ThunderHeads batting - Pitching for Joplin Blasters : RHP Jaden Brown
|
|
Batting: RHB Eddie Vanderjagt
|
0-0: Called Strike 0-1: Bunt for hit to 2R - play at first, batter OUT! 2-3
|
|
Batting: LHB Thie Hofmann
|
0-0: Ball 1-0: Called Strike 1-1: Called Strike 1-2: Ball 2-2: Ball 3-2: SOLO HOME RUN (Flyball, 9LD, EV 96.9 MPH), Distance : 352 ft
|
|
Batting: RHB Shi-fu Cuan
|
0-0: Ball 1-0: Foul Ball, location: 2F 1-1: Reached on error, E9 (Flyball, 9D, EV 100.0 MPH)
|
|
Batting: LHB Bill Mahoney
|
0-0: Ball 1-0: Fly out, F7 (Flyball, 7D, EV 88.1 MPH)
|
|
Batting: RHB Adrian Quilantan
|
0-0: Called Strike 0-1: 2-RUN HOME RUN (Flyball, 9D, EV 95.0 MPH), Distance : 349 ft
|
|
Batting: LHB Mike Gruszewski
|
0-0: Called Strike 0-1: Foul Ball, location: 2F 0-2: Ball 1-2: Ball 2-2: Ball 3-2: Ground out 4-3 (Groundball, 4D, EV 100.6 MPH)
|
| Bottom of the 5th over - 3 runs, 2 hits, 1 error, 0 left on base; Joplin 2 - Amarillo 7 |
| TOP OF THE 6TH |
|
Joplin Blasters batting - Pitching for Amarillo ThunderHeads : RHP Chris Marrone
|
|
Batting: RHB Dustin Peterson
|
0-0: Ball 1-0: TRIPLE (Line Drive, 89D, EV 101.2 MPH)
|
|
Batting: RHB Donnie Bednarz
|
0-0: DOUBLE (Line Drive, 78D, EV 107.5 MPH) Dustin Peterson scores
|
|
Batting: RHB Steve Huebner
|
0-0: Foul Ball, location: 2F 0-1: Swinging Strike 0-2: Ball 1-2: Ball 2-2: DOUBLE (Flyball, 8LXD, EV 91.2 MPH) Donnie Bednarz scores
|
|
Batting: LHB Willie Marquez
|
0-0: Ball Wild Pitch! Steve Huebner to third 1-0: Called Strike 1-1: Foul Ball, location: 2F 1-2: Ball 2-2: Ball 3-2: Fly out, F8 (Line Drive, 8RD, EV 100.6 MPH) Runner from 3rd tags up, OUT at HOME! 8-2
|
|
Batting: RHB Jin-hoi Hur
|
0-0: Foul Ball, location: 2F 0-1: Fly out, F7 (Flyball, 7S, EV 76.9 MPH)
|
| Top of the 6th over - 2 runs, 3 hits, 0 errors, 0 left on base; Joplin 4 - Amarillo 7 |
| BOTTOM OF THE 6TH |
|
Amarillo ThunderHeads batting - Pitching for Joplin Blasters : RHP Jaden Brown
|
|
Batting: RHB Jorge Balderama
|
0-0: Ball 1-0: Called Strike 1-1: Swinging Strike 1-2: Ball 2-2: Strikes out looking
|
|
Batting: RHB Zhong See-to
|
0-0: Ball 1-0: Ball 2-0: Called Strike 2-1: Ball 3-1: Swinging Strike 3-2: Foul Ball, location: 2F 3-2: Base on Balls
|
|
Batting: LHB Carlos Guajardo
|
0-0: DOUBLE (Flyball, 89XD, EV 99.4 MPH) Zhong See-to to third Zhong See-to scores
|
|
Batting: RHB Eddie Vanderjagt
|
0-0: Ball 1-0: Ball 2-0: Called Strike 2-1: Ball 3-1: Base on Balls
|
|
Batting: LHB Thie Hofmann
|
0-0: Ball 1-0: Called Strike 1-1: Foul Ball, location: 2F 1-2: Fly out, F9 (Flyball, 9LM, EV 87.5 MPH)
|
|
Batting: RHB Shi-fu Cuan
|
0-0: Called Strike 0-1: Ball 1-1: Called Strike 1-2: Hit by Pitch Carlos Guajardo to third Eddie Vanderjagt to second
|
|
Batting: LHB Bill Mahoney
|
Balk! Carlos Guajardo scores Eddie Vanderjagt to third Shi-fu Cuan to second 0-0: Foul Ball, location: 2F 0-1: Ball 1-1: Ball 2-1: SINGLE (Flyball, 4MD, EV 85.6 MPH) Eddie Vanderjagt scores Shi-fu Cuan to third
|
|
Batting: RHB Adrian Quilantan
|
0-0: Swinging Strike 0-1: Ball 1-1: Fly out, F7 (Flyball, 7D, EV 94.4 MPH)
|
| Bottom of the 6th over - 3 runs, 2 hits, 0 errors, 2 left on base; Joplin 4 - Amarillo 10 |
| TOP OF THE 7TH |
|
Joplin Blasters batting - Pitching for Amarillo ThunderHeads : RHP Chris Marrone
|
|
Pitching: RHP Dan Corrow
|
|
|
Batting: RHB Abban Sartika
|
0-0: Called Strike 0-1: Foul Ball, location: 2F 0-2: Ball 1-2: Strikes out swinging
|
|
Pinch Hitting: RHB Cody Marshall
|
0-0: Called Strike 0-1: Ground out 6-3 (Groundball, 6, EV 87.5 MPH)
|
|
Pinch Hitting: RHB Mike McClung
|
0-0: Called Strike 0-1: Called Strike 0-2: Strikes out swinging
|
| Top of the 7th over - 0 runs, 0 hits, 0 errors, 0 left on base; Joplin 4 - Amarillo 10 |
| BOTTOM OF THE 7TH |
|
Amarillo ThunderHeads batting - Pitching for Joplin Blasters : RHP Jaden Brown
|
|
Now at 2B: Cody Marshall
|
|
|
Now at 3B: Josh Lane
|
|
|
Batting: LHB Mike Gruszewski
|
0-0: Called Strike 0-1: SOLO HOME RUN (Flyball, 9D, EV 98.8 MPH), Distance : 395 ft
|
|
Pitching: RHP Robert Carlos
|
|
|
Batting: RHB Jorge Balderama
|
0-0: Ball 1-0: Ball 2-0: Hit by Pitch
|
|
Batting: RHB Zhong See-to
|
0-0: Ball 1-0: Called Strike 1-1: Ball 2-1: Ball 3-1: Foul Ball, location: 2F 3-2: Fly out, F7 (Flyball, 78D, EV 88.1 MPH)
|
|
Batting: LHB Carlos Guajardo
|
0-0: Foul Ball, location: 2F 0-1: Swinging Strike 0-2: Foul Ball, location: 2F 0-2: Ball 1-2: Ball 2-2: Fly out, F9 (Flyball, 9, EV 81.9 MPH)
|
|
Batting: RHB Eddie Vanderjagt
|
0-0: Fly out, F8 (Flyball, 8RS, EV 86.2 MPH)
|
| Bottom of the 7th over - 1 run, 1 hit, 0 errors, 1 left on base; Joplin 4 - Amarillo 11 |
| TOP OF THE 8TH |
|
Joplin Blasters batting - Pitching for Amarillo ThunderHeads : RHP Dan Corrow
|
|
Batting: RHB Mike Stokes
|
0-0: Foul Ball, location: 2F 0-1: Ball 1-1: Fly out, F6 (Popup, 6MD, EV 45.6 MPH)
|
|
Batting: RHB Dustin Peterson
|
0-0: Called Strike 0-1: Ball 1-1: SOLO HOME RUN (Flyball, 7D, EV 95.6 MPH), Distance : 375 ft
|
|
Batting: RHB Donnie Bednarz
|
0-0: Hit by Pitch
|
|
Batting: RHB Steve Huebner
|
0-0: Ball 1-0: Fly out, F9 (Line Drive, 89M, EV 110.0 MPH)
|
|
Batting: LHB Willie Marquez
|
0-0: Ball 1-0: Ball 2-0: Foul Ball, location: 2F 2-1: Called Strike 2-2: Foul Ball, location: 2F 2-2: Fielders Choice at 2nd, 5-4 (Groundball, 6, EV 77.5 MPH)
|
| Top of the 8th over - 1 run, 1 hit, 0 errors, 1 left on base; Joplin 5 - Amarillo 11 |
| BOTTOM OF THE 8TH |
|
Amarillo ThunderHeads batting - Pitching for Joplin Blasters : RHP Robert Carlos
|
|
Batting: LHB Thie Hofmann
|
0-0: Called Strike 0-1: Foul Ball, location: 2F 0-2: Strikes out swinging
|
|
Batting: RHB Shi-fu Cuan
|
0-0: DOUBLE (Flyball, 7D, EV 95.0 MPH)
|
|
Batting: LHB Bill Mahoney
|
0-0: Ball 1-0: Foul Ball, location: 2F 1-1: Ball 2-1: Foul Ball, location: 2F 2-2: Ball 3-2: Strikes out swinging
|
|
Batting: RHB Adrian Quilantan
|
0-0: Ball 1-0: Called Strike 1-1: Ball 2-1: Foul Ball, location: 2F 2-2: Foul Ball, location: 2F 2-2: Fly out, F7 (Flyball, 78M, EV 83.8 MPH)
|
| Bottom of the 8th over - 0 runs, 1 hit, 0 errors, 1 left on base; Joplin 5 - Amarillo 11 |
| TOP OF THE 9TH |
|
Joplin Blasters batting - Pitching for Amarillo ThunderHeads : RHP Dan Corrow
|
|
Pinch Hitting: RHB Carlos Castillo
|
0-0: Called Strike 0-1: Hit by Pitch
|
|
Batting: RHB Abban Sartika
|
0-0: Swinging Strike 0-1: Swinging Strike 0-2: Ball 1-2: Foul Ball, location: 2F 1-2: Foul Ball, location: 2F 1-2: Foul Ball, location: 2F 1-2: Ball 2-2: Foul Ball, location: 2F 2-2: Fielders Choice at 2nd, 6-4 (Groundball, 6, EV 83.1 MPH)
|
|
Batting: RHB Cody Marshall
|
0-0: Foul Ball, location: 2F 0-1: Foul Ball, location: 2F 0-2: Grounds into double play, 6-4-3 (Groundball, 6, EV 88.1 MPH)
|
| Top of the 9th over - 0 runs, 0 hits, 0 errors, 0 left on base; Joplin 5 - Amarillo 11 |
|